[Event "2nd Namma Bengaluru Open-A 2025"]
[Site "Bengaluru"]
[Date "2025.04.11"]
[Round "3.1"]
[White "Krishnan, Ritvik"]
[Black "Iniyan, Pa"]
[Result "1/2-1/2"]
[Annotator "ChessBase"]
[ECO "E17"]
[WhiteElo "2316"]
[BlackElo "2578"]
[PlyCount "83"]
[EventDate "2025.04.10"]
[EventType "swiss"]
[EventCountry "IND"]
[SourceTitle "playchess.com"]
[Source "ChessBase"]
[SourceQuality "1"]
[TimeControl "5400+30"]

1. d4 Nf6 2. c4 e6 3. Nf3 b6 4. g3 Bb7 5. Bg2 Be7 6. O-O O-O 7. Re1 Qc8 8. Nc3 Ne4 9. Bd2 d6 10. Qc2 f5 11. Rad1 Bf6 12. d5 Bxc3 13. Bxc3 e5 14. b4 a5 15. a3 Nd7 16. Bb2 Ndf6 17. Nd2 Nxd2 18. Rxd2 axb4 19. axb4 Qd7 20. Bh3 Bc8 21. e4 Qa4 22. Bxf5 Bxf5 23. exf5 Qxb4 24. Rde2 Ra2 25. Qc1 Qb3 26. f4 exf4 27. Bxf6 Rxe2 28. Rxe2 gxf6 29. Qxf4 Ra8 30. Kg2 Ra2 31. Qe4 Rxe2+ 32. Qxe2 Qc3 33. Qe8+ Kg7 34. Qe7+ Kh6 35. Kh3 Qa1 36. Qf8+ Kh5 37. Qf7+ Kh6 38. Qf8+ Kh5 39. Qf7+ Kh6 40. Qe7 Qf1+ 41. Kh4 Qxf5 42. Qf8+ 1/2-1/2

[Event "2nd Namma Bengaluru Open-A 2025"]
[Site "Bengaluru"]
[Date "2025.04.11"]
[Round "3.2"]
[White "Grigoryan, Karen H."]
[Black "Jinan Jomon"]
[Result "1-0"]
[Annotator "ChessBase"]
[ECO "B90"]
[WhiteElo "2556"]
[BlackElo "2311"]
[PlyCount "111"]
[EventDate "2025.04.10"]
[EventType "swiss"]
[EventCountry "IND"]
[SourceTitle "playchess.com"]
[Source "ChessBase"]
[SourceQuality "1"]
[TimeControl "5400+30"]

1. e4 c5 2. Nf3 d6 3. d4 cxd4 4. Nxd4 Nf6 5. Nc3 a6 6. Be3 e5 7. Nf3 Be7 8. Be2 O-O 9. a4 Be6 10. O-O Ng4 11. Bc1 Nd7 12. Nd2 Ngf6 13. Bf3 Rc8 14. Re1 Qa5 15. Nb3 Qc7 16. Be3 Nb6 17. Nd2 Nc4 18. Nxc4 Qxc4 19. a5 Rfd8 20. Ra4 Qc6 21. Rb4 d5 22. Rb6 Qc7 23. exd5 e4 24. Rxe6 fxe6 25. Bb6 Qf4 26. Bxd8 Rxd8 27. Nxe4 Nxd5 28. Qe2 Qe5 29. g3 g6 30. c3 Kg7 31. Nd2 Qxe2 32. Rxe2 Kf7 33. Nb3 Nc7 34. Re4 Bd6 35. Rd4 e5 36. Rd3 Ke7 37. Nd2 Ne6 38. b4 Bc7 39. Rxd8 Nxd8 40. Nc4 Ke6 41. Kf1 h6 42. Ke2 Bb8 43. Kd3 Ba7 44. Ne3 b6 45. axb6 Bxb6 46. Bd5+ Ke7 47. Bc4 Ba7 48. Bxa6 Nf7 49. c4 Ng5 50. c5 e4+ 51. Kd4 Ne6+ 52. Ke5 h5 53. Nd5+ Kf7 54. Bc4 Ng5 55. Nf4+ Kg7 56. Ne6+ 1-0

[Event "2nd Namma Bengaluru Open-A 2025"]
[Site "Bengaluru"]
[Date "2025.04.11"]
[Round "3.3"]
[White "Velpula Sarayu"]
[Black "Petrosyan, Manuel"]
[Result "0-1"]
[Annotator "ChessBase"]
[ECO "C18"]
[WhiteElo "2302"]
[BlackElo "2544"]
[PlyCount "88"]
[EventDate "2025.04.10"]
[EventType "swiss"]
[EventCountry "IND"]
[SourceTitle "playchess.com"]
[Source "ChessBase"]
[SourceQuality "1"]
[TimeControl "5400+30"]

1. e4 e6 2. d4 d5 3. Nc3 Bb4 4. e5 c5 5. a3 Ba5 6. dxc5 d4 7. b4 dxc3 8. bxa5 Qxd1+ 9. Kxd1 Ne7 10. Bb5+ Bd7 11. Rb1 Bxb5 12. Rxb5 Nbc6 13. Ne2 O-O-O+ 14. Ke1 Nd5 15. h4 a6 16. Rb1 Nxe5 17. Rh3 Nc6 18. Nxc3 Nxc3 19. Rxc3 Rd5 20. Be3 Nxa5 21. Rb4 h5 22. Rf4 f6 23. Rd3 Rxd3 24. cxd3 Nc6 25. d4 Ne7 26. Bd2 Ng6 27. Re4 Kd7 28. g3 Ne7 29. Re3 Nd5 30. Rb3 Kc6 31. Ke2 Re8 32. Bf4 Re7 33. Kd3 e5 34. dxe5 fxe5 35. Bg5 Rf7 36. Rb2 Rf3+ 37. Ke4 Rxa3 38. Kxe5 g6 39. Rd2 Rf3 40. Ke4 Rf5 41. Rc2 a5 42. Rb2 a4 43. Kd4 a3 44. Ra2 Nb4 0-1

[Event "2nd Namma Bengaluru Open-A 2025"]
[Site "Bengaluru"]
[Date "2025.04.11"]
[Round "3.4"]
[White "Pranav Anand"]
[Black "Gomes, Mary Ann"]
[Result "1-0"]
[Annotator "ChessBase"]
[ECO "A45"]
[WhiteElo "2538"]
[BlackElo "2284"]
[PlyCount "89"]
[EventDate "2025.04.10"]
[EventType "swiss"]
[EventCountry "IND"]
[SourceTitle "playchess.com"]
[Source "ChessBase"]
[SourceQuality "1"]
[TimeControl "5400+30"]

1. d4 Nf6 2. Bf4 d6 3. Nc3 Nbd7 4. Nf3 c5 5. e3 a6 6. a4 Qc7 7. d5 g6 8. h3 Bg7 9. Bc4 O-O 10. O-O Ne8 11. Nd2 Qb8 12. Bg5 Ndf6 13. e4 Kh8 14. a5 Bd7 15. Re1 Ng8 16. Bd3 Nc7 17. Nc4 Qe8 18. Bf4 Bb5 19. e5 Bxc4 20. Bxc4 dxe5 21. Bxe5 Bxe5 22. Rxe5 Qd8 23. Qe1 Ne8 24. Na4 Nd6 25. Bf1 Rc8 26. Qc3 Nf6 27. Nxc5 Kg8 28. Qb4 Qc7 29. Na4 Qxc2 30. Nc3 Rfe8 31. Rae1 Rc7 32. g4 Kf8 33. R5e2 Qd3 34. Rxe7 Rexe7 35. Rxe7 Qxf1+ 36. Kxf1 Kxe7 37. Qd4 Nfe8 38. b3 Kd8 39. Kg2 f5 40. g5 Re7 41. Na4 Ne4 42. b4 Nxg5 43. d6 Rd7 44. Qh4 h6 45. Nc5 1-0

[Event "2nd Namma Bengaluru Open-A 2025"]
[Site "Bengaluru"]
[Date "2025.04.11"]
[Round "3.5"]
[White "Setumadhav Yellumahanthi"]
[Black "Pantsulaia, Levan"]
[Result "0-1"]
[Annotator "ChessBase"]
[ECO "B42"]
[WhiteElo "2300"]
[BlackElo "2532"]
[PlyCount "64"]
[EventDate "2025.04.10"]
[EventType "swiss"]
[EventCountry "IND"]
[SourceTitle "playchess.com"]
[Source "ChessBase"]
[SourceQuality "1"]
[TimeControl "5400+30"]

1. e4 c5 2. Nf3 e6 3. d4 cxd4 4. Nxd4 a6 5. Bd3 Qc7 6. O-O Nf6 7. Qe2 d6 8. c4 g6 9. f4 Bg7 10. f5 O-O 11. Kh1 exf5 12. exf5 Re8 13. Qf2 b6 14. Bg5 Nbd7 15. Qh4 Bb7 16. Nc3 Re5 17. Rf2 Nc5 18. Bxf6 Nxd3 19. Rff1 Bxf6 20. Qxf6 Qe7 21. Qxe7 Rxe7 22. b3 Rae8 23. Rad1 Nc5 24. fxg6 hxg6 25. b4 Nd7 26. Nf3 Rc8 27. Rd4 Ne5 28. Nd2 Rec7 29. Rxd6 Nxc4 30. Nxc4 Rxc4 31. Rxb6 Ba8 32. Na4 Rg4 0-1

[Event "2nd Namma Bengaluru Open-A 2025"]
[Site "Bengaluru"]
[Date "2025.04.11"]
[Round "3.6"]
[White "Ajay Santhosh Parvathareddy"]
[Black "Stany, G.A."]
[Result "1/2-1/2"]
[Annotator "ChessBase"]
[ECO "D02"]
[WhiteElo "2297"]
[BlackElo "2454"]
[PlyCount "136"]
[EventDate "2025.04.10"]
[EventType "swiss"]
[EventCountry "IND"]
[SourceTitle "playchess.com"]
[Source "ChessBase"]
[SourceQuality "1"]
[TimeControl "5400+30"]

1. Nf3 d5 2. g3 Nd7 3. d4 Nb6 4. Bg2 g6 5. Bf4 Bg7 6. Nc3 c6 7. e4 dxe4 8. Nxe4 Nd5 9. Bd2 Ngf6 10. Nxf6+ Nxf6 11. Qe2 Qb6 12. O-O-O Be6 13. a3 O-O 14. h4 Bg4 15. Qxe7 Rfe8 16. Qb4 Ne4 17. Qxb6 axb6 18. Be1 Rad8 19. Rd3 Bxf3 20. Bxf3 Rxd4 21. Rxd4 Bxd4 22. Bxe4 Rxe4 23. c3 Bc5 24. b4 Bd6 25. Bd2 f5 26. Re1 Rxe1+ 27. Bxe1 b5 28. Kc2 Kf7 29. Kd3 Ke6 30. f4 Kd5 31. Bf2 Be7 32. Be3 Bf6 33. Bc5 Bd8 34. Bd4 Bc7 35. Bc5 Bb8 36. Bb6 Bd6 37. Bd4 Be7 38. Be3 c5 39. Bf2 Bf8 40. Be1 Bg7 41. Bd2 Bf6 42. Be1 Bh8 43. Bd2 Bg7 44. Be1 Bf6 45. Bd2 Bd8 46. Be3 c4+ 47. Ke2 Bf6 48. Bd2 Ke4 49. Be1 Bh8 50. Bd2 Bg7 51. Be1 Bf6 52. Bd2 h6 53. Be1 g5 54. fxg5 hxg5 55. h5 f4 56. gxf4 Kxf4 57. h6 Kf5 58. Kf3 Kg6 59. Ke4 Kxh6 60. Kd5 g4 61. Kc5 Kh5 62. Bg3 Bxc3 63. Kxb5 Bb2 64. Kxc4 Bxa3 65. Kb5 Kg5 66. Be1 Kf4 67. Kb6 Kf3 68. b5 g3 1/2-1/2

[Event "2nd Namma Bengaluru Open-A 2025"]
[Site "Bengaluru"]
[Date "2025.04.11"]
[Round "3.7"]
[White "Apoorv Kamble"]
[Black "Sanikidze, Tornike"]
[Result "0-1"]
[Annotator "ChessBase"]
[ECO "C54"]
[WhiteElo "2264"]
[BlackElo "2448"]
[PlyCount "232"]
[EventDate "2025.04.10"]
[EventType "swiss"]
[EventCountry "IND"]
[SourceTitle "playchess.com"]
[Source "ChessBase"]
[SourceQuality "1"]
[TimeControl "5400+30"]

1. e4 e5 2. Nf3 Nc6 3. Bc4 Bc5 4. c3 Nf6 5. d3 a5 6. Nbd2 O-O 7. a4 d6 8. O-O Ba7 9. h3 Ne7 10. Re1 Ng6 11. Nf1 c6 12. Bb3 h6 13. Ng3 Nh7 14. Be3 Ng5 15. d4 Qf6 16. Nxg5 hxg5 17. Nh5 Qe7 18. dxe5 dxe5 19. Bxa7 Rxa7 20. Qf3 Nf4 21. Nxf4 gxf4 22. Rad1 g6 23. Rd3 Kg7 24. Red1 Rh8 25. R1d2 Qg5 26. Kf1 b5 27. Rd6 Rb7 28. axb5 Rxb5 29. Bc4 Rc5 30. Ba2 a4 31. Ke1 Rf8 32. Kf1 Ba6+ 33. Kg1 Bc8 34. Kf1 Qe7 35. Qd1 a3 36. b4 Rxc3 37. Qa1 Rc2 38. Rxg6+ Kxg6 39. Rxc2 Qxb4 40. Rxc6+ f6 41. Qxe5 Qd2 42. Qd5 Qxd5 43. exd5 Bf5 44. Rc3 Ra8 45. Kg1 Be4 46. Kh2 Ra4 47. f3 Bf5 48. g4 fxg3+ 49. Kxg3 Kg5 50. Re3 Bc2 51. Rc3 Bg6 52. d6 f5 53. f4+ Kf6 54. Rd3 Ra8 55. d7 Ke7 56. Bd5 Rd8 57. Bc6 a2 58. Ra3 Bf7 59. Kh4 Rh8+ 60. Kg3 Rb8 61. Kh4 Rh8+ 62. Kg3 Bc4 63. Re3+ Kf7 64. Ra3 Rb8 65. Kh4 Kf6 66. Kg3 Ke7 67. Kh4 Kd6 68. Ra4 Be6 69. Ra6 Ke7 70. Kg5 Rg8+ 71. Kh4 Rh8+ 72. Kg5 Rg8+ 73. Kh4 Rg1 74. Ra8 Rd1 75. Re8+ Kf6 76. Rf8+ Kg6 77. Ra8 Rd4 78. Ra6 Rxf4+ 79. Kg3 Rd4 80. Bd5 f4+ 81. Kf3 a1=Q 82. Be4+ Rxe4 83. Rxa1 Rd4 84. d8=Q Rxd8 85. Kxf4 Bxh3 86. Ra6+ Kf7 87. Ke5 Re8+ 88. Kf4 Be6 89. Ra5 Rb8 90. Ke5 Rb7 91. Rc5 Ke7 92. Ra5 Rb1 93. Ra7+ Bd7 94. Kd5 Rb5+ 95. Kc4 Rg5 96. Kd4 Kd6 97. Ra6+ Bc6 98. Ke3 Rg4 99. Kf2 Kc5 100. Ra5+ Kd4 101. Ra3 Rg2+ 102. Kf1 Rb2 103. Rg3 Be4 104. Ra3 Bd3+ 105. Kg1 Ke3 106. Rc3 Rd2 107. Rc8 Bf5 108. Rc3+ Kf4 109. Rc4+ Kg3 110. Rc1 Bd3 111. Re1 Be4 112. Rc1 Bg2 113. Rb1 Bf3 114. Rf1 Rg2+ 115. Kh1 Rh2+ 116. Kg1 Rh1# 0-1

[Event "2nd Namma Bengaluru Open-A 2025"]
[Site "Bengaluru"]
[Date "2025.04.11"]
[Round "3.8"]
[White "Nitish Belurkar"]
[Black "Mahitosh Dey"]
[Result "1-0"]
[Annotator "ChessBase"]
[ECO "C84"]
[WhiteElo "2441"]
[BlackElo "2226"]
[PlyCount "53"]
[EventDate "2025.04.10"]
[EventType "swiss"]
[EventCountry "IND"]
[SourceTitle "playchess.com"]
[Source "ChessBase"]
[SourceQuality "1"]
[TimeControl "5400+30"]

1. e4 e5 2. Nf3 Nc6 3. Bb5 a6 4. Ba4 Nf6 5. O-O b5 6. Bb3 Bb7 7. Nc3 Be7 8. d3 O-O 9. a3 d6 10. Re1 h6 11. Nd5 Na5 12. Ba2 c5 13. Nxe7+ Qxe7 14. Nh4 Qd7 15. Bxh6 gxh6 16. Qd2 Kh7 17. Nf5 Qxf5 18. exf5 Nc6 19. c3 Ne7 20. f4 e4 21. dxe4 Nxe4 22. Qc2 d5 23. Bxd5 Bxd5 24. Rxe4 Bxe4 25. Qxe4 Rfe8 26. Re1 f6 27. Qb7 1-0

[Event "2nd Namma Bengaluru Open-A 2025"]
[Site "Bengaluru"]
[Date "2025.04.11"]
[Round "3.9"]
[White "Jani Kushal R"]
[Black "Vaz, Ethan"]
[Result "0-1"]
[Annotator "ChessBase"]
[ECO "B90"]
[WhiteElo "2248"]
[BlackElo "2430"]
[PlyCount "156"]
[EventDate "2025.04.10"]
[EventType "swiss"]
[EventCountry "IND"]
[SourceTitle "playchess.com"]
[Source "ChessBase"]
[SourceQuality "1"]
[TimeControl "5400+30"]

1. e4 c5 2. Nf3 d6 3. d4 cxd4 4. Nxd4 Nf6 5. Nc3 a6 6. Be3 e5 7. Nf3 Be7 8. Bc4 O-O 9. O-O Nc6 10. Re1 Be6 11. Bf1 d5 12. exd5 Nxd5 13. Nxd5 Qxd5 14. Qxd5 Bxd5 15. c3 f6 16. Red1 Be6 17. Nd2 Rfd8 18. Bb6 Rd7 19. Nb3 Rxd1 20. Rxd1 Bd8 21. Be3 Be7 22. Bb6 Bd8 23. Be3 Be7 24. Bb6 Rc8 25. c4 Nb8 26. Nd2 Nd7 27. Ba5 b6 28. Bc3 Nc5 29. b3 Rd8 30. Be2 Kf7 31. Nf1 Rxd1 32. Bxd1 Ne4 33. Be1 Bc5 34. Bf3 Nd6 35. Bc3 a5 36. Ne3 Nf5 37. Nc2 Nd4 38. Bxd4 exd4 39. Be4 f5 40. Bd3 Kf6 41. Kf1 Ke5 42. Ke2 h6 43. Ne1 g5 44. Bc2 Kf6 45. g3 Bd7 46. Nd3 Ba3 47. Ne1 Bc6 48. Bd3 Bc5 49. Nc2 Ke5 50. Ne1 h5 51. Nf3+ Kf6 52. h4 g4 53. Ng5 Bd6 54. Nh7+ Kg6 55. Ng5 Bd7 56. a4 Kf6 57. Nh7+ Kg7 58. Ng5 Be5 59. f4 gxf3+ 60. Kxf3 Kf6 61. Nh7+ Ke7 62. Ng5 Bc6+ 63. Kf2 f4 64. gxf4 Bxf4 65. Bg6 Bxg5 66. hxg5 h4 67. Bd3 Ke6 68. Kg1 Ke5 69. Kh2 Bd7 70. Bf1 Bf5 71. Kg1 d3 72. Kf2 Kd4 73. Kf3 d2 74. Be2 Bc2 75. Kf4 d1=Q 76. Bxd1 Bxd1 77. g6 Bxb3 78. g7 Bxc4 0-1

[Event "2nd Namma Bengaluru Open-A 2025"]
[Site "Bengaluru"]
[Date "2025.04.11"]
[Round "3.10"]
[White "Mehar, Chinna Reddy C.H."]
[Black "Roy Chowdhury, Saptarshi"]
[Result "1/2-1/2"]
[Annotator "ChessBase"]
[ECO "A47"]
[WhiteElo "2418"]
[BlackElo "2224"]
[PlyCount "66"]
[EventDate "2025.04.10"]
[EventType "swiss"]
[EventCountry "IND"]
[SourceTitle "playchess.com"]
[Source "ChessBase"]
[SourceQuality "1"]
[TimeControl "5400+30"]

1. d4 Nf6 2. Nf3 e6 3. Bf4 b6 4. e3 Bb7 5. Bd3 d6 6. Nbd2 Nh5 7. Bg5 Be7 8. Bxe7 Qxe7 9. Qe2 Nd7 10. h3 a6 11. Be4 Bxe4 12. Nxe4 Nhf6 13. Ng3 d5 14. O-O O-O 15. c4 dxc4 16. Qxc4 c5 17. Qe2 b5 18. dxc5 Nxc5 19. Rac1 Rac8 20. Rc2 Qb7 21. Rfc1 Ncd7 22. Qd2 h6 23. b3 Rfe8 24. Kh2 Nb6 25. Qd4 Nbd7 26. Qd6 Rxc2 27. Rxc2 Rc8 28. Rxc8+ Qxc8 29. Nd4 Ne8 30. Qe7 Nef6 31. Qd6 Ne8 32. Qe7 Nef6 33. Qd6 Ne8 1/2-1/2

[Event "2nd Namma Bengaluru Open-A 2025"]
[Site "Bengaluru"]
[Date "2025.04.11"]
[Round "3.11"]
[White "Ram Aravind L N"]
[Black "Kaustuv, Kundu"]
[Result "0-1"]
[Annotator "ChessBase"]
[ECO "B07"]
[WhiteElo "2245"]
[BlackElo "2407"]
[PlyCount "184"]
[EventDate "2025.04.10"]
[EventType "swiss"]
[EventCountry "IND"]
[SourceTitle "playchess.com"]
[Source "ChessBase"]
[SourceQuality "1"]
[TimeControl "5400+30"]

1. e4 d6 2. d4 Nf6 3. Nc3 e5 4. Nge2 Nbd7 5. f3 Be7 6. Be3 c6 7. a4 O-O 8. Ng3 Re8 9. Be2 d5 10. dxe5 Nxe5 11. O-O Bb4 12. Bd4 Ng6 13. exd5 Nxd5 14. Nxd5 Qxd5 15. f4 Nh4 16. Rf2 Bf5 17. c4 Qa5 18. Qb3 Rad8 19. Bc3 Bxc3 20. Qxc3 Qxc3 21. bxc3 Bc8 22. Rb1 Re3 23. Rb3 g6 24. Nf1 Re7 25. Rb2 f6 26. c5 Kg7 27. g3 Nf5 28. Bf3 Rd3 29. Rbc2 Re1 30. Kg2 Ra1 31. Be4 Rdd1 32. Rce2 Kf8 33. Rd2 Rxd2 34. Rxd2 Ke7 35. Bxf5 Bxf5 36. Ne3 Be4+ 37. Kf2 Rxa4 38. Rb2 Ke6 39. Rxb7 Ra2+ 40. Ke1 h5 41. h3 a5 42. Rb8 f5 43. Rd8 a4 44. Rd6+ Kf7 45. Nc4 a3 46. Rd7+ Kg8 47. Rd8+ Kg7 48. Rd7+ Kf8 49. Ra7 Ra1+ 50. Kf2 a2 51. Nd2 Bd5 52. c4 Bxc4 53. Nxc4 Rh1 54. Ne5 a1=Q 55. Nxg6+ Ke8 56. Rxa1 Rxa1 57. Nh4 Ra2+ 58. Kf3 Ra3+ 59. Kf2 Rc3 60. Nxf5 Rxc5 61. Ne3 Rc3 62. Kf3 Kf7 63. Ke4 Kf6 64. Kd4 Ra3 65. Ke4 c5 66. Nd5+ Kf7 67. Ne3 Rb3 68. Nf5 Kf6 69. Ne3 Kg6 70. h4 Rb4+ 71. Ke5 Rd4 72. Nf5 Rd1 73. Ne3 Rd3 74. Ke4 Rd4+ 75. Ke5 Rd8 76. f5+ Kf7 77. Nc4 Rd3 78. f6 Rxg3 79. Nd6+ Kg6 80. f7 Rf3 81. Kd5 Kg7 82. Kxc5 Kf8 83. Kd5 Rf4 84. Ke5 Rxh4 85. Ne4 Kxf7 86. Kf5 Kg7 87. Nf6 Rh1 88. Ne4 Rg1 89. Kf4 h4 90. Nf2 Kg6 91. Kf3 Kf5 92. Ne4 h3 0-1

[Event "2nd Namma Bengaluru Open-A 2025"]
[Site "Bengaluru"]
[Date "2025.04.11"]
[Round "3.12"]
[White "Nithin Babu"]
[Black "Nguyen, Quoc Hy"]
[Result "1/2-1/2"]
[Annotator "ChessBase"]
[ECO "B92"]
[WhiteElo "2242"]
[BlackElo "2404"]
[PlyCount "76"]
[EventDate "2025.04.10"]
[EventType "swiss"]
[EventCountry "IND"]
[SourceTitle "playchess.com"]
[Source "ChessBase"]
[SourceQuality "1"]
[TimeControl "5400+30"]

1. e4 c5 2. Nf3 d6 3. d4 cxd4 4. Nxd4 Nf6 5. Nc3 a6 6. Be2 e5 7. Nb3 Be7 8. Be3 O-O 9. g4 Be6 10. g5 Nfd7 11. h4 b5 12. Nd5 Nc5 13. Nxc5 dxc5 14. Qd2 Nc6 15. O-O-O Nd4 16. c3 Bxd5 17. exd5 Qxd5 18. Kb1 Qe6 19. Bd3 Rad8 20. g6 fxg6 21. cxd4 exd4 22. Bg5 Bxg5 23. hxg5 c4 24. Rde1 Qf7 25. Be4 Qxf2 26. Re2 Qf4 27. Qxf4 Rxf4 28. Bb7 d3 29. Reh2 b4 30. Rxh7 Kf7 31. Bxa6 Rd6 32. Bb5 Rd5 33. Ba4 Ra5 34. R7h4 Rxh4 35. Rxh4 Rxa4 36. Rxc4 d2 37. Kc2 Rxa2 38. Rxb4 Ra5 1/2-1/2

[Event "2nd Namma Bengaluru Open-A 2025"]
[Site "Bengaluru"]
[Date "2025.04.11"]
[Round "3.13"]
[White "Anuj Shrivatri"]
[Black "Sri Sai Baswanth P"]
[Result "1-0"]
[Annotator "ChessBase"]
[ECO "A34"]
[WhiteElo "2400"]
[BlackElo "2213"]
[PlyCount "99"]
[EventDate "2025.04.10"]
[EventType "swiss"]
[EventCountry "IND"]
[SourceTitle "playchess.com"]
[Source "ChessBase"]
[SourceQuality "1"]
[TimeControl "5400+30"]

1. Nf3 Nf6 2. g3 c5 3. Bg2 Nc6 4. c4 d5 5. cxd5 Nxd5 6. Nc3 Nc7 7. a3 g6 8. d3 Bg7 9. Be3 Nd4 10. Rc1 O-O 11. O-O Bg4 12. Nd2 Rb8 13. h3 Bd7 14. b4 cxb4 15. axb4 Bc6 16. Nde4 Nd5 17. Nxd5 Bxd5 18. Bxd4 Bxd4 19. e3 Bg7 20. Qa4 a6 21. Rfd1 Rc8 22. Rc5 Bc6 23. Qc2 Bxe4 24. Bxe4 b6 25. Rxc8 Qxc8 26. Qxc8 Rxc8 27. Bb7 Rc2 28. Bxa6 Ra2 29. Bc4 Ra1 30. Rxa1 Bxa1 31. b5 Kg7 32. f4 e5 33. Kf2 f5 34. Kf3 Kf6 35. g4 exf4 36. Kxf4 Be5+ 37. Kf3 h6 38. d4 Bh2 39. Bd5 Bd6 40. Bc6 Bb4 41. Bd7 h5 42. gxh5 gxh5 43. Kg3 Bd2 44. Kf4 Bc1 45. Bxf5 Bxe3+ 46. Kxe3 Kxf5 47. Kf3 h4 48. Ke3 Ke6 49. Ke4 Kd6 50. d5 1-0

[Event "2nd Namma Bengaluru Open-A 2025"]
[Site "Bengaluru"]
[Date "2025.04.11"]
[Round "3.14"]
[White "Sharnarthi Viresh"]
[Black "Fedorov, Alexei"]
[Result "1/2-1/2"]
[Annotator "ChessBase"]
[ECO "E62"]
[WhiteElo "2232"]
[BlackElo "2396"]
[PlyCount "85"]
[EventDate "2025.04.10"]
[EventType "swiss"]
[EventCountry "IND"]
[SourceTitle "playchess.com"]
[Source "ChessBase"]
[SourceQuality "1"]
[TimeControl "5400+30"]

1. d4 Nf6 2. Nf3 g6 3. c4 Bg7 4. Nc3 d6 5. g3 O-O 6. Bg2 Nc6 7. O-O Bf5 8. Ne1 Bd7 9. Rb1 e5 10. d5 Nd4 11. e3 Nf5 12. b4 Ne8 13. Bb2 Nh6 14. h3 f5 15. f4 Qe7 16. Nd3 Nf7 17. Kh2 a5 18. a3 h5 19. Ne2 h4 20. fxe5 hxg3+ 21. Nxg3 Nxe5 22. Bxe5 Bxe5 23. Qf3 axb4 24. axb4 Ra3 25. Rbd1 Ng7 26. Kh1 Re8 27. Rg1 Qh4 28. Nf1 Nh5 29. Nxe5 Rxe5 30. Rd4 Qe1 31. h4 Ra2 32. Bh3 Kh7 33. Rg2 Ra1 34. Rg1 Qxb4 35. Rg5 Be8 36. Rxh5+ gxh5 37. Bxf5+ Rxf5 38. Qxf5+ Bg6 39. Qf6 Qe1 40. Qe7+ Kh6 41. Qf8+ Kh7 42. Qe7+ Kh6 43. Qf8+ 1/2-1/2

[Event "2nd Namma Bengaluru Open-A 2025"]
[Site "Bengaluru"]
[Date "2025.04.11"]
[Round "3.15"]
[White "Deepan Chakkravarthy J."]
[Black "Vignesh B"]
[Result "1-0"]
[Annotator "ChessBase"]
[ECO "B32"]
[WhiteElo "2394"]
[BlackElo "2191"]
[PlyCount "83"]
[EventDate "2025.04.10"]
[EventType "swiss"]
[EventCountry "IND"]
[SourceTitle "playchess.com"]
[Source "ChessBase"]
[SourceQuality "1"]
[TimeControl "5400+30"]

1. e4 c5 2. Nf3 Nc6 3. d4 cxd4 4. Nxd4 e5 5. Nb3 Nf6 6. Bg5 Bb4+ 7. c3 Be7 8. Bxf6 Bxf6 9. Bc4 d6 10. Qd3 Be6 11. N1d2 O-O 12. O-O Qe7 13. a4 Rfd8 14. Rfd1 Rac8 15. a5 Qc7 16. Ra4 Ne7 17. Bxe6 fxe6 18. a6 b6 19. Nf1 d5 20. Ne3 h5 21. g3 Bg5 22. h4 Bf6 23. Raa1 Qc6 24. Nc2 dxe4 25. Qe2 Nf5 26. Re1 Nd6 27. Nd2 Rc7 28. Nb4 Qe8 29. Nxe4 Nf5 30. Rad1 Rcc8 31. Kh2 Be7 32. Rxd8 Rxd8 33. Rd1 Bxb4 34. Rxd8 Qxd8 35. cxb4 Qd5 36. Ng5 g6 37. Qc2 Qd7 38. Nf3 Kg7 39. Nxe5 Qd5 40. Qc7+ Kh6 41. Nf7+ Kg7 42. Ng5+ 1-0

[Event "2nd Namma Bengaluru Open-A 2025"]
[Site "Bengaluru"]
[Date "2025.04.11"]
[Round "3.16"]
[White "Panda Sambit"]
[Black "Rajarishi Karthi"]
[Result "1-0"]
[Annotator "ChessBase"]
[ECO "D35"]
[WhiteElo "2391"]
[BlackElo "2155"]
[PlyCount "197"]
[EventDate "2025.04.10"]
[EventType "swiss"]
[EventCountry "IND"]
[SourceTitle "playchess.com"]
[Source "ChessBase"]
[SourceQuality "1"]
[TimeControl "5400+30"]

1. d4 d5 2. c4 e6 3. Nf3 Nf6 4. Nc3 Be7 5. cxd5 exd5 6. Bf4 c6 7. e3 Bf5 8. Nh4 Be6 9. Bd3 Ne4 10. Nf3 f5 11. O-O O-O 12. Ne2 Nd7 13. Ne5 g5 14. Nxd7 Qxd7 15. Be5 Bd6 16. f3 Bxe5 17. dxe5 Nc5 18. Bc2 Bf7 19. Nd4 Bg6 20. Qb1 Qe7 21. f4 Ne4 22. Bxe4 dxe4 23. b4 gxf4 24. Qb3+ Kh8 25. Rxf4 Qxe5 26. Raf1 Rf6 27. Qc2 Rd8 28. Qf2 b6 29. Qh4 Rxd4 30. exd4 Qxd4+ 31. Kh1 Qb2 32. Rxe4 Kg7 33. Re7+ Rf7 34. Rxf7+ Bxf7 35. Qg5+ Bg6 36. Qe7+ Kh6 37. Qh4+ Kg7 38. h3 Qxa2 39. Qd4+ Kh6 40. Qh4+ Kg7 41. Qd4+ Kh6 42. Rf4 Qe6 43. Qd2 Kg7 44. Rd4 Bf7 45. Rd6 Qe5 46. Rxc6 f4 47. Qc3 Qxc3 48. Rxc3 Kf6 49. Ra3 a5 50. bxa5 bxa5 51. Rxa5 Bg6 52. Kg1 Be4 53. Kf2 Ke6 54. Rg5 Kf6 55. Rh5 Bg6 56. Ra5 Be4 57. h4 Ke6 58. Ra7 Kf6 59. Rc7 Ke6 60. Rc8 Kf5 61. Re8 Bc2 62. Rg8 Be4 63. Rg7 Kf6 64. Rg5 Ke6 65. Rg7 Kf6 66. Rc7 Ke6 67. Rc4 Ke5 68. Rb4 Bc6 69. Rb8 Be4 70. Re8+ Kd5 71. Re7 Kd4 72. Re6 Kd5 73. Re7 Kd4 74. h5 Kd5 75. h6 Kd4 76. Ke2 Kd5 77. Kf2 Kd4 78. Kg1 Kd5 79. Kh2 Bf5 80. Kg1 Kd6 81. Re1 Kd5 82. Kf2 Be4 83. g3 fxg3+ 84. Kxg3 Bc2 85. Kf4 Kd6 86. Kg5 Kd7 87. Kf6 Bg6 88. Rg1 Bc2 89. Rg2 Bb1 90. Kf7 Kd6 91. Rg3 Bc2 92. Re3 Bb1 93. Re6+ Kd7 94. Re7+ Kd6 95. Kf6 Bg6 96. Rg7 Be4 97. Rg4 Bc2 98. Rd4+ Kc5 99. Rd8 1-0

[Event "2nd Namma Bengaluru Open-A 2025"]
[Site "Bengaluru"]
[Date "2025.04.11"]
[Round "3.17"]
[White "Sammed Jaykumar, Shete"]
[Black "Avirat Chauhan"]
[Result "1-0"]
[Annotator "ChessBase"]
[ECO "C26"]
[WhiteElo "2391"]
[BlackElo "2145"]
[PlyCount "111"]
[EventDate "2025.04.10"]
[EventType "swiss"]
[EventCountry "IND"]
[SourceTitle "playchess.com"]
[Source "ChessBase"]
[SourceQuality "1"]
[TimeControl "5400+30"]

1. e4 e5 2. Nc3 Nf6 3. g3 Bc5 4. Bg2 d6 5. Nge2 Nc6 6. Na4 a5 7. Nxc5 dxc5 8. d3 Qe7 9. h3 b6 10. O-O Ba6 11. Nc3 O-O-O 12. Bg5 Bc4 13. f4 h6 14. Bxf6 Qxf6 15. Qh5 g6 16. Qe2 Nd4 17. Qd1 Be6 18. f5 Bd7 19. Nd5 Qg5 20. c3 Nc6 21. Qf3 Rdg8 22. Kh2 Qd8 23. a3 gxf5 24. exf5 Rg5 25. Ne3 Rhg8 26. g4 h5 27. b4 hxg4 28. hxg4 e4 29. Qxe4 Qf6 30. b5 Qe5+ 31. Rf4 Re8 32. bxc6 Qh8+ 33. Kg1 Rxe4 34. cxd7+ Kxd7 35. Rxe4 Qxc3 36. Rd1 Qb3 37. Re1 Rg7 38. Nd5 Kc6 39. Nf6 Kb5 40. Ne8 Qb2 41. Nxc7+ Kc6 42. R4e2+ Kxc7 43. Rxb2 Rxg4 44. Re7+ Kd6 45. f6 c4 46. Rxb6+ Kc5 47. Rc6+ Kd4 48. Rxc4+ Kxd3 49. Rxg4 a4 50. Bf1+ Kc3 51. Rc4+ Kb3 52. Rb7+ Ka2 53. Rc2+ Ka1 54. Rc1+ Ka2 55. Bc4+ Kxa3 56. Ra1# 1-0

[Event "2nd Namma Bengaluru Open-A 2025"]
[Site "Bengaluru"]
[Date "2025.04.11"]
[Round "3.18"]
[White "Viani Antonio Dcunha"]
[Black "Murali Krishnan B T"]
[Result "1-0"]
[Annotator "ChessBase"]
[ECO "C42"]
[WhiteElo "2378"]
[BlackElo "2090"]
[PlyCount "89"]
[EventDate "2025.04.10"]
[EventType "swiss"]
[EventCountry "IND"]
[SourceTitle "playchess.com"]
[Source "ChessBase"]
[SourceQuality "1"]
[TimeControl "5400+30"]

1. e4 e5 2. Nf3 Nf6 3. Nxe5 d6 4. Nf3 Nxe4 5. Nc3 Nf6 6. d4 d5 7. Bd3 Bg4 8. h3 Bh5 9. g4 Bg6 10. Qe2+ Be7 11. Bxg6 hxg6 12. g5 Ne4 13. Nxe4 dxe4 14. Qxe4 Nc6 15. Bf4 Qd7 16. d5 Nb8 17. O-O-O O-O 18. Ne5 Qd8 19. h4 Nd7 20. Nxd7 Qxd7 21. h5 Rae8 22. Qd4 Bd6 23. h6 Bxf4+ 24. Qxf4 Qf5 25. Qxf5 gxf5 26. Rde1 Kh7 27. c4 Kg6 28. f4 Rxe1+ 29. Rxe1 gxh6 30. gxh6 Kxh6 31. Re7 Kh5 32. Kd2 Kg4 33. Ke3 b6 34. b4 Rh8 35. c5 Rh3+ 36. Kd4 Kxf4 37. Rxc7 Rh1 38. Rxf7 Rd1+ 39. Kc4 bxc5 40. bxc5 Rc1+ 41. Kb5 Ke5 42. d6 a6+ 43. Kc6 f4 44. d7 Rd1 45. Rf8 1-0